 Dungeon Crawl Stone Soup version 0.18.1-6-gd335043 (webtiles) character file.

79 Gottschkopf the Magician (level 4, 0/24 HPs)
             Began as a Deep Elf Conjurer on May 18, 2016.
             Shot with an arrow by a centaur (5 damage)
             ... on level 3 of the Dungeon.
             The game lasted 00:03:56 (1921 turns).

Gottschkopf the Magician (Deep Elf Conjurer)        Turns: 1921, Time: 00:03:57

Health: 0/24       AC:  3    Str:  5    XL:     4   Next: 16%
Magic:  7/14       EV: 13    Int: 21    God:
Gold:   113        SH:  0    Dex: 15    Spells: 2 memorised, 12 levels left

rFire  . . .     SeeInvis .     q - +0 dagger (venom)
rCold  + . .     Gourm    .     a - +0 robe
rNeg   . . .     Faith    .     (no shield)
rPois  .         Spirit   .     p - +0 helmet
rElec  .         Dismiss  .     (no cloak)
rCorr  .         Reflect  .     (no gloves)
SustAt .         Harm     .     (no boots)
MR     .....                    g - amulet of regeneration
Stlth  ++........               (no ring)
                                l - ring of protection from cold

@: not resistant to hostile enchantments, unstealthy
A: no striking features
a: no special abilities


You were on level 3 of the Dungeon.
You were not hungry.

You visited 1 branch of the dungeon, and saw 3 of its levels.

You collected 113 gold pieces.

Inventory:

Hand Weapons
 f - a +0 dagger
 q - a +0 dagger of venom (weapon)
Missiles
 r - 2 curare-tipped needles
Armour
 a - a +0 robe (worn)
 p - a +0 helmet (worn)
Jewellery
 g - an amulet of regeneration (around neck)
 l - a ring of protection from cold (left hand)
 u - an uncursed amulet of guardian spirit {unknown}
Scrolls
 d - 3 scrolls of remove curse {unknown}
 i - 2 scrolls of random uselessness {unknown}
 k - a scroll of enchant weapon {unknown}
 m - 2 scrolls of identify {unknown}
 n - a scroll of teleportation {unknown}
Potions
 e - a potion of invisibility {unknown}
 j - 3 potions of mutation {unknown}
 o - 2 potions of curing {unknown}
 v - a potion of lignification {unknown}
Books
 b - a book of Conjurations

   Spells                             Type                      Level
   a - Magic Dart                     Conjuration                  1
   b - Searing Ray                    Conjuration                  2
   c - Dazzling Spray                 Conjuration/Hexes            3
   d - Fulminant Prism                Conjuration/Hexes            4
   e - Iskenderun's Mystic Blast      Conjuration                  4
   f - Iskenderun's Battlesphere      Conjuration/Charms           5
Comestibles
 c - 2 bread rations
 h - a meat ration
 s - 3 fruits


   Skills:
 - Level 2.4 Dodging
 - Level 2.4 Stealth
 + Level 6.1 Spellcasting
 - Level 4.3 Conjurations


You had 12 spell levels left.
You knew the following spells:

 Your Spells              Type           Power        Failure   Level  Hunger
a - Magic Dart            Conj           ###.         1%          1    None
b - Searing Ray           Conj           ###...       2%          2    None


Dungeon Overview and Level Annotations

Branches:
Dungeon (3/15)

Altars:
Kikubaaqudgha
Qazlal


Message History

* * * LOW HITPOINT WARNING * * *
Casting: Magic Dart
Confirm with . or Enter, or press ? or * to list all spells.
Aiming: Magic Dart
Press: ? - help, Shift-Dir - straight line, f/p - centaur
Aim: a centaur, wielding a shortbow (almost dead)
The magic dart hits the centaur.
The centaur is almost dead.
The centaur shoots an arrow.
The arrow completely misses you.
Casting: Magic Dart
Confirm with . or Enter, or press ? or * to list all spells.
Aiming: Magic Dart
Press: ? - help, Shift-Dir - straight line, f/p - centaur
Aim: a centaur, wielding a shortbow (almost dead)
The magic dart hits the centaur.
The centaur is almost dead.
The centaur shoots an arrow.
The arrow hits you.
* * * LOW HITPOINT WARNING * * *
The centaur shoots an arrow.
The arrow hits you.
You die...

. #.####
####
....#
...# ..(
...#
##.#...#
#..@...#
#......#
###....#
#c..##
#...#
#.#.#
#.#..
#.#..#


You could see a centaur.

Vanquished Creatures
  3 adders (D:2)
  3 worms (D:2)
  A dart slug (D:2)
  A giant gecko (D:2)
  2 ball pythons (D:2)
  2 bat zombies (D:2)
  8 goblins
  3 hobgoblins (D:1)
  A quokka (D:2)
  3 bats
  3 giant newts
  4 kobolds (D:2)
  6 rats
40 creatures vanquished.

Notes
Turn   | Place    | Note
--------------------------------------------------------------
     0 | D:1      | Gottschkopf the Deep Elf Conjurer began the quest for the Orb.
     0 | D:1      | Reached XP level 1. HP: 10/10 MP: 6/6
   295 | D:1      | Reached skill level 4 in Spellcasting
   295 | D:1      | Reached XP level 2. HP: 15/15 MP: 6/9
   326 | D:1      | Learned a level 2 spell: Searing Ray
   925 | D:2      | Reached XP level 3. HP: 19/19 MP: 9/11
   998 | D:2      | Found an ancient bone altar of Kikubaaqudgha.
  1058 | D:2      | Reached skill level 5 in Spellcasting
  1457 | D:2      | Found a stormy altar of Qazlal.
  1581 | D:2      | Reached XP level 4. HP: 24/24 MP: 8/13
  1615 | D:2      | Reached skill level 6 in Spellcasting
  1915 | D:3      | Noticed a centaur
  1921 | D:3      | Shot with an arrow by a centaur

Skill      XL: |  1  2  3  4 |
---------------+-------------+-----
Spellcasting   | 4 5 6 |  6.1
Dodging        | |  2.4
Stealth        | |  2.4
Conjurations   | |  4.3

Action                   |  1- 3 |  4- 6 || total
-------------------------+-------+-------++-------
 Cast: Magic Dart        |    77 |     9 ||    86
       Searing Ray       |       |     1 ||     1
  Eat: Chunk             |     2 |     1 ||     3
Dodge: Dodged            |     8 |     4 ||    12
